 Dungeon Crawl Stone Soup version 0.28-a0-723-g095bd1b44f (webtiles) character file.

Game seed: 10339186659666611390

0 spiderkeys the Ducker (level 1, -15/19 HPs)
             Began as a Deep Elf Abyssal Knight on Oct 25, 2021.
             Was a Follower of Lugonu.
             Demolished by a small abomination (21 damage)
             ... on level 1 of the Abyss.
             The game lasted 00:00:12 (89 turns).

spiderkeys the Ducker (Deep Elf Abyssal Knight)       Turns: 89, Time: 00:00:13

Health: -15/19     AC:  3    Str: 10    XL:     1   Next: 0%
Magic:  4/4        EV: 12    Int: 14    God:    Lugonu [*.....]
Gold:   0          SH:  0    Dex: 15    Spells: 0/0 levels left

rFire   . . .      SeeInvis .   a - +1 falchion
rCold   . . .      Faith    .   (no shield)
rNeg    . . .      Spirit   .   b - +0 leather armour
rPois   .          Reflect  .   (no helmet)
rElec   .          Harm     .   (no cloak)
rCorr   .          Rampage  .   (no gloves)
Will    .....                   (no boots)
Stlth   ..........              (no amulet)
HPRegen 0.06/turn               (no ring)
MPRegen 0.09/turn               (no ring)

@: berserking, lethally poisoned (-15 -> -18), very slightly contaminated,
invisible (expiring), slow
A: no striking features
a: Renounce Religion, Depart the Abyss


You were on level 1 of the Abyss.
You worshipped Lugonu.
Lugonu was aware of your devotion.
You visited 0 branches of the dungeon, and saw 0 of its levels.
You visited the Abyss 1 time.


   Skills:
 + Level 2.4 Fighting
 + Level 1.7 Long Blades
 + Level 0.7 Armour
 + Level 2.4 Dodging
 + Level 2.0 Invocations


You couldn't memorise any spells.
You didn't know any spells.
Your spell library contained the following spells:

 Spells                   Type           Power      Damage    Failure   Level
 Ensorcelled Hibernation  Hex/Ice        0%         N/A       52%         2
 Spider Form              Tmut/Pois      0%         N/A       75%         3

Inventory:

Hand Weapons
 a - a +1 falchion (weapon)
Armour
 b - a +0 leather armour (worn)

Dungeon Overview and Level Annotations

Branches:
Dungeon (0/15)

Altars:

.### ≈≈ ≈≈ ## # .. . ≈≈≈
#≈ ≈. # #.....
≈≈≈≈#≈##≈## #.......
≈≈≈≈#≈..≈≈# ##.#... #
≈≈≈≈..≈≈≈≈# ####..###. #
≈≈...≈#.##..###..###.#
#.x≈≈.#.#.# .#. .t.
≈≈≈##.@≈..#.##t#..*#...
≈≈≈≈.≈≈≈≈#.#..#. .#.#.#.
.≈≈≈.#≈≈≈t#.#...###....#
≈≈≈≈..≈≈≈♣≈≈#*# .. ..##.
≈≈≈≈..#.#t≈.#§§....###
≈≈≈≈#.≈##.≈.......##
≈≈≈≈##≈ ##≈.#.#..#... ≈.
.≈ ..≈.##.#.#... .≈≈≈≈.
#. #...#.#


You could see 2 apocalypse crabs and a small abomination.


Message History

🤖 Initializing magus.rc ... ✅ Successfully initialized magus.rc [v1.9.10] Welcome, spiderkeys the Deep Elf Abyssal Knight.
Will you be the one to retrieve the magnificent Orb of Zot from the depths?
Lugonu says: Depart the Abyss and spread corruption, my servant! (use the ability menu to exit the Abyss) Press ? for a list of commands and other information.
Found a corrupted altar of Lugonu.
There is a corrupted altar of Lugonu here.
There is a corrupted altar of Lugonu here.
There is a corrupted altar of Lugonu here.
There is a corrupted altar of Lugonu here.
You pick up a book of Dreams and begin reading...
You add the spells Ensorcelled Hibernation and Spider Form to your library.
An apocalypse crab comes into view.
A lurking horror comes into view.
An apocalypse crab comes into view.
The apocalypse crab breathes chaos at you.
You are engulfed in seething chaos.
You fade into invisibility!
You are very lightly contaminated with residual magic.
The apocalypse crab breathes chaos at you.
The blast of chaos engulfs you. 😕 HP[-3]
You take 3 damage, and now have 10/13 hp.
MASSIVE DAMAGE!! (PAUSE)
You enter the shallow water.
Moving in this stuff is going to be slow. ...and don't expect to remain undetected.
You are engulfed in seething chaos.
Your body is wracked with pain!
* * * LOW HITPOINT WARNING * * *
A small abomination comes into view.
The apocalypse crab breathes chaos at you.
The blast of chaos engulfs you but does no damage.
You are lethally poisoned! 😨 HP[-4]
You take 4 damage, and now have 6/13 hp.
MASSIVE DAMAGE!! (PAUSE)
You are engulfed in seething chaos.
A red film seems to cover your vision as you go berserk!
You feel yourself moving faster!
You feel mighty!
You feel sick.
The small abomination completely misses you. 😨 HP[+1]
You now have 19 max hp (+6).
You slash the small abomination!
You flicker for a moment.
You feel sick. The small abomination hits you!!
Ouch! That really hurt!
You die...

Action                   || total
-------------------------++-------
Melee: Falchion          ||     1
Armor: Leather armour    ||     1
Dodge: Dodged            ||     1

Levels and vault maps discovered:
Abyss:1:  base: Temple, base: Temple, small_statue_intersection, base:
Temple

Notes
Turn   | Place    | Note
-------+----------+-------------------------------------------
     0 | Abyss:1  | spiderkeys the Deep Elf Abyssal Knight began the quest for
                  | the Orb.
     0 | Abyss:1  | Reached XP level 1. HP: 13/13 MP: 4/4
     0 | Abyss:1  | magus.rc [v1.9.10]
    67 | Abyss:1  | You pick up a book of Dreams and begin reading...
    67 | Abyss:1  | You add the spells Ensorcelled Hibernation and Spider Form
                  | to your library.
    70 | Abyss:1  | Noticed an apocalypse crab
    81 | Abyss:1  | Noticed an apocalypse crab
    87 | Abyss:1  | Noticed a small abomination
    89 | Abyss:1  | Demolished by a small abomination

Vanquished Creatures (others)
  A lurking horror (Abyss:1)
1 creature vanquished.

Table legend:
 A = Non-vault XP
 B = Vault XP
 C = Vault XP percentage of total XP
 D = Non-vault monster count
 E = Vault monster count
 F = Vault count percentage of total count
                 A         B        C        D         E       F
            +---------+---------+-------+---------+---------+-------
      Total |       0 |       0 |   N/A |       0 |       0 |  -nan
            +---------+---------+-------+---------+---------+-------
            +---------+---------+-------+---------+---------+-------

Illustrated notes

Table legend: (Time is in decaauts)
 A = Elapsed time spent in this place.
 B = Non-inter-level travel time spent in this place.
 C = Inter-level travel time spent in this place.
 D = Time resting spent in this place.
 E = Time spent auto-exploring this place.
 F = Levels seen in this place.
 G = Mean time per level.
                   A        B        C        D        E       F      G
               +--------+--------+--------+--------+--------+-----+--------+
         Total |     91 |     91 |      0 |      0 |     69 |   1 |   91.0 |
         Abyss |     91 |     91 |      0 |      0 |     69 |   1 |   91.0 |
               +--------+--------+--------+--------+--------+-----+--------+

Top non-repeatable levels by time:
 Abyss:1: 91 daAuts
